 Dungeon Crawl Stone Soup version 0.31-a0-845-g9abc20d24f (webtiles) character file.

Game seed: 3599859881897905559

4 javelincjr the Changeling (level 1, 0/15 HPs)
             Began as a Demonspawn Shapeshifter on Oct 2, 2023.
             Frozen to death by an endoplasm (2 damage)
             ... on level 1 of the Dungeon.
             The game lasted 00:00:26 (99 turns).

javelincjr the Changeling (Demonspawn Shapeshifter)   Turns: 99, Time: 00:00:27

Health: 0/15       AC:  2    Str: 14    XL:     1   Next: 50%
Magic:  1/1        EV: 12    Int: 11    God:
Gold:   13         SH:  0    Dex: 12    Spells: 0/0 levels left

rFire   . .          .
                       - Unarmed
rCold   . . .        (no shield)
rNeg    . . .        a - +0 animal skin
rPois   .            (helmet currently unavailable)
rElec   .            (cloak currently unavailable)
rCorr   .            (gloves currently unavailable)
SInv    .            (boots currently unavailable)
Will    .....        (no amulet)
Stlth   +            (no ring)
HPRegen 0.22/turn    (no ring)
MPRegen 0.07/turn

%: no passive effects
@: beast-form
A: beast (slay +1)
a: Begin Untransformation


You were on level 1 of the Dungeon.
You were a hulking beast.
You visited 1 branch of the dungeon, and saw 1 of its levels.

You collected 13 gold pieces.

Inventory:

Armour
 a - a +0 animal skin (worn)
Jewellery
 e - a +6 ring of dexterity
Talismans
 c - a beast talisman (active)
 d - a flux talisman
Potions
 b - a potion of lignification


   Skills:
 + Level 1.1 Fighting
 + Level 1.8 Dodging
 + Level 2.7 Unarmed Combat
 * Level 2.7 Shapeshifting


You couldn't memorise any spells.
You didn't know any spells.
Your spell library was empty.

Dungeon Overview and Level Annotations

Branches:
Dungeon (1/15)

Altars:


Message History

The goblin hits you with a +0 dagger.
You closely miss the goblin.
The goblin is heavily wounded.
The goblin hits you with a +0 dagger.
You closely miss the goblin. Your punch misses the goblin.
The goblin is heavily wounded.
The goblin hits you with a +0 dagger.
You are too injured to fight recklessly!
You hit the goblin.
You kill the goblin!
HP restored.
A hobgoblin comes into view.
A quokka comes into view.
Found a scroll labelled ACRUIS VOTEY.
The hobgoblin shouts!
A giant cockroach and an endoplasm come into view.
Found a ring mail.
You closely miss the hobgoblin.
The hobgoblin hits you but does no damage.
You hit the hobgoblin.
You kill the hobgoblin!
The quokka bites you.
You closely miss the quokka. The quokka bites you.
You closely miss the quokka. The quokka bites you.
You miss the quokka. The giant cockroach closely misses you.
The quokka bites you but does no damage.
You hit the quokka but do no damage.
The giant cockroach bites you but does no damage.
The quokka bites you but does no damage.
The endoplasm freezes you.
You are frozen.
You are too injured to fight recklessly!
You hit the quokka but do no damage. The giant cockroach closely misses you.
The quokka bites you. The endoplasm misses you.
You barely miss the quokka. The giant cockroach misses you.
The quokka bites you.
* * * LOW HITPOINT WARNING * * *
The endoplasm freezes you.
You are frozen.
You die...

#.##.#### .# #.#.....
.... #.#..#.. ...#
#.#..#.##.#.#.
#)#..#....?...
###########.#..#........
.......................[
.................B......
......#####.#...h.......
......# #.#...rJ...#.#
......+ ..#...........
......# ####...........
..#..... .............
#.#.##### ####..........
..... ....#....## ###.##
#.......... ... #


You could see an endoplasm, a quokka and a giant cockroach.

Vanquished Creatures
  A goblin (D:1)
  A hobgoblin (D:1)
  A kobold (D:1)
3 creatures vanquished.

Notes
Turn   | Place    | Note
-------+----------+-------------------------------------------
     0 | D:1      | javelincjr the Demonspawn Shapeshifter began the quest for
                  | the Orb.
     0 | D:1      | Reached XP level 1. HP: 15/15 MP: 1/1
    99 | D:1      | Frozen to death by an endoplasm

Illustrated notes

Levels and vault maps discovered:
D:1:      psy_arrival_basics, layout_basic, serial_shops, shop, glass_columns_b,
          minivault_14

Action                     || total
---------------------------++-------
  Melee: Unarmed           ||    18
 Armour: Animal skin       ||    16
  Dodge: Dodged            ||     5

Table legend: (Time is in decaauts)
 A = Elapsed time spent in this place.
 B = Non-inter-level travel time spent in this place.
 C = Inter-level travel time spent in this place.
 D = Time resting spent in this place.
 E = Time spent auto-exploring this place.
 F = Levels seen in this place.
 G = Mean time per level.
                   A        B        C        D        E       F      G
               +--------+--------+--------+--------+--------+-----+--------+
         Total |     98 |     98 |      0 |      0 |     70 |   1 |   98.0 |
       Dungeon |     98 |     98 |      0 |      0 |     70 |   1 |   98.0 |
               +--------+--------+--------+--------+--------+-----+--------+

Top non-repeatable levels by time:
     D:1: 98 daAuts
